← All builds
Suicide front / Armada / Factory first / OBSERVED BUILD

Standard suicide front

The role's default: factory first (mostly Bot Lab), pushing Rocketeer-led bot play into the middle to contest and hold the front, with an Advanced Metal Extractor around 9:36 as the natural transition.

Usually lab first (63%)

#raid #push · 1289 distinct matches · 127 players · 71% of Armada Suicide front games · team won 59% of 1527 · Recently observed

HOW TO PLAY IT

Key timing: Bot Lab by 0:20

  1. Open with mex and wind, drop Bot Lab immediately.
  2. Push out first "Centurion" as Pond's boost lands.
  3. Send "Rocketeer", "Centurion", "Pawn" mix to contest middle.
  4. Add Dragon's Teeth and Sentries to hold the line.
  5. Get Advanced Metal Extractor up as T2 nears.

Phase by phase

TYPICAL OF ITS 1289 GAMES
  1. 1
  2. 2
  3. 3
PLAY THE OPENING

Follow the example game's first 6:00 step by step: what to build now, what comes next, and where it goes. At 1× it keeps pace with your own game.

  1. 1

    Bot Lab first

    Order
    1. Bot LabBot Lab done ~0:20, middle half 0:20–0:33

    Some games also: mex (36%)

  2. 2

    Bot Lab to 5:00

    Economy
    • Metal Extractor5Mex
    • Wind Turbine4Wind
    Builders
    • Construction Bot3 Con bot
    • Lazarus2 Lazarus
    Army
    • Sentry4 Sentry
    • Rocketeer17 Rocketeer
    • Tick2 Tick
    • Centurion1 Centurion
    Other
    • Radar Tower1 Radar Tower

    Some games also: con turret (35%) · pawn (32%)

    By 5:00 in all: 5 mex · 4 wind

    The example game in this phase · 34 steps
    1. TickTick
    2. Wind
    3. TickTick
    4. Construction BotCon botfor Pond
    5. Wind
    6. Construction BotCon bot
    7. Mex ×2
    8. SentrySentry
    9. LazarusLazarus ×2
    10. CenturionCenturion
    11. Mex
    12. CenturionCenturion
    13. Wind
    14. Mex
    15. SentrySentry
    16. RocketeerRocketeer
    17. Radar TowerRadar Tower
    18. Wind
    19. Construction BotCon bot
    20. RocketeerRocketeer
    21. Wind
    22. RocketeerRocketeer ×2
    23. Wind
    24. RocketeerRocketeer ×3
    25. RocketeerRocketeerfor Pond
    26. Energy storagefor Pond
    27. RocketeerRocketeer
    28. LazarusLazarus
    29. RocketeerRocketeer
    30. RocketeerRocketeerfor Pond
    31. RocketeerRocketeer ×3
    32. Con turret
    33. RocketeerRocketeerfor Pond
    34. RocketeerRocketeer ×4
  3. 3

    5:00 to 10:00

    Economy
    • Metal Extractor1Mex
    • Wind Turbine17Wind
    Builders
    • Construction Turret2 Con turret
    • Lazarus2 Lazarus
    • Construction Bot1 Con bot
    Army
    • Sentry1 Sentry
    • Rocketeer8 Rocketeer
    • Pawn1 Pawn

    Some games also: tick (47%) · energy storage (46%) · Radar Tower (46%) · centurion (45%) · Beamer (39%)

    By 10:00 in all: 6 mex · 23 wind · 1 energy storage · 3 con turret

    The example game in this phase · 55 steps
    1. RocketeerRocketeer
    2. LazarusLazarus
    3. Wind
    4. RocketeerRocketeer
    5. Wind
    6. RocketeerRocketeer
    7. Wind
    8. RocketeerRocketeer
    9. Wind
    10. RocketeerRocketeerfor Pond
    11. RocketeerRocketeer
    12. Wind
    13. RocketeerRocketeer
    14. Wind
    15. RocketeerRocketeerfor Pond
    16. LazarusLazarus
    17. Wind
    18. PawnPawn
    19. BeamerBeamer
    20. PawnPawn
    21. Wind
    22. PawnPawn
    23. Con turret
    24. Dragon's TeethDragon's Teeth
    25. Dragon's TeethDragon's Teethfor Pond
    26. Dragon's TeethDragon's Teeth
    27. PawnPawn
    28. Dragon's TeethDragon's Teethfor Pond
    29. PawnPawn
    30. Advanced Metal ExtractorT2 mexdone 10:47 · typical 9:36
    31. Mex
    32. Dragon's TeethDragon's Teethfor Pond
    33. Dragon's TeethDragon's Teeth
    34. LazarusLazarus
    35. Wind
    36. PawnPawn
    37. Wind
    38. PawnPawn
    39. Wind
    40. PawnPawn
    41. Wind
    42. Advanced Metal ExtractorT2 mex
    43. PawnPawn
    44. Wind ×2
    45. PawnPawn
    46. Energy storagefor Pond
    47. LazarusLazarus
    48. Radar TowerRadar Tower
    49. Advanced Metal ExtractorT2 mex
    50. PawnPawn
    51. LazarusLazarus
    52. Con turret
    53. PawnPawn ×3
    54. LazarusLazarus ×8
    55. Converterfor Pond

Counts are medians over the build's games: half of them build more, half fewer. The example game is Tregan's (39 OS, 27/09/2026); pick another.

Team trades

IN AT LEAST 30% OF ITS GAMES

You hand over

Nothing regular.

You get

  • Tidal Generator4 Tidal from Pondfirst at 0:10 · in 69% of games
  • Advanced Construction Bot1 T2 con bot from Geo or Techfirst at 7:31 · in 59% of games

How it plays out

Typical game of this build, running totals by minute

Metal produced

010k20k30k
0:005:0010:0015:00

metal

Enemy metal destroyed

05k10k
0:005:0010:0015:00

metal

Own metal lost

05k10k
0:005:0010:0015:00

metal

1527 games.

Show as table
ByMetal produced: This buildEnemy metal destroyed: This buildOwn metal lost: This build
1:0022600
2:0088800
3:002050179106
4:003161658496
5:00424314121026
6:00543322971789
7:00667031752710
8:00792040293619
9:00931747894495
10:001069754225316
11:001226558996054
12:001411464906830
13:001623070097536
14:001811476808373
15:002046683169249
WHAT THE NUMBERS SAY

Standard suicide front play wins slightly more than half its games with fast kills but also fast losses, matching the raw grind of the role.

  • + First kill lands by 2:04 in all games
  • + Metal produced reaches 19882 by 15:00
  • − Own metal lost hits 9208 by 15:00, near metal destroyed of 8172
  • − First unit lost as early as 2:08 in every game
THE EXAMPLE YOU ARE READING

Tregan

38.6 OS · 27/09/2026

Open source match ↗

15 received units · includes a constructor
71 metal received · 8985 energy received

Allied construction assistance is unknown. Timings are observations, not a promise of solo reproducibility.

Typical milestones

Bot Lab0:20Middle 50%: 0:20–0:33 · n=1520
Advanced Metal Extractor9:36Middle 50%: 8:41–10:48 · n=1126

Played most by

_X_253games of this buildPlatinumBlonde181games of this buildXad120games of this buildImmort73games of this buildwatermeloans58games of this build